 Dungeon Crawl Stone Soup version 0.28-a0-724-g66f9036eb4 (webtiles) character file.

Game seed: 15871715959772452198

3956 jasper the Martial Artist (level 10, -8/73 HPs)
             Began as a Demonspawn Artificer on Oct 26, 2021.
             Was a Believer of Cheibriados.
             Killed from afar by a death drake (14 damage)
             ... with a foul vapour
             ... in a bailey.
             The game lasted 00:17:53 (9758 turns).

jasper the Martial Artist (Demonspawn Artificer)    Turns: 9758, Time: 00:17:54

Health: -8/73      AC:  9    Str: 19    XL:     10   Next: 2%
Magic:  13/13      EV: 12    Int: 19    God:    Cheibriados [**....]
Gold:   297        SH:  4    Dex: 23    Spells: 3/9 levels left

rFire   + . .      SeeInvis .     - Unarmed
rCold   . . .      Faith    .   (no shield)
rNeg    . . .      Spirit   .   y - +2 leather armour {rF+}
rPois   .          Reflect  .   A - +0 helmet
rElec   .          Harm     .   (no cloak)
rCorr   .          Rampage  .   (no gloves)
Will    .....                   q - +2 pair of boots
Stlth   ++++......              (no amulet)
HPRegen 0.22/turn               (no ring)
MPRegen 0.13/turn               (no ring)

@: lethally poisoned (-8 -> -48), flying, slowed, very slow
A: claws 2, thin skeletal structure 2, demonic guardian 3, condensation shield
a: Renounce Religion, Bend Time


You were in a bailey.
You worshipped Cheibriados.
Cheibriados was pleased with you.
You visited 2 branches of the dungeon, and saw 8 of its levels.
You also visited: Bailey.

You collected 297 gold pieces.

Inventory:

Hand Weapons
 a - a +0 club
 f - a +0 short sword
Missiles
 h - 58 stones (quivered)
 s - 2 throwing nets
Armour
 b - a +1 leather armour
 q - a +2 pair of boots (worn)
 u - a +0 chain mail of fire resistance
 w - a +0 ring mail
 y - a +2 leather armour of fire resistance (worn)
 A - a +0 helmet (worn)
 B - the +1 ring mail "Zizuicuj" {Will+}
   (You found it on level 5 of the Dungeon)

   Will:      It increases your willpower.
 G - a +2 ring mail of cold resistance
Jewellery
 k - a ring of ice
Wands
 d - a wand of charming (2)
 x - a wand of flame (13)
 z - a wand of polymorph (8)
Scrolls
 l - 2 scrolls of amnesia
 t - a scroll of blinking
 v - a scroll of immolation
 C - 2 scrolls of teleportation
Potions
 c - 4 potions of lignification
 g - 3 potions of curing
 i - a potion of magic {unknown}
 j - 4 potions of haste
 m - a potion of berserk rage {unknown}
 n - 2 potions of degeneration {unknown}
 o - a potion of ambrosia {unknown}
 p - a potion of attraction {unknown}
 r - 3 potions of flight
 D - a potion of mutation {unknown}
 E - a potion of cancellation {unknown}
Miscellaneous
 e - a piece from Xom's chessboard (15/15)


   Skills:
 + Level 4.3 Fighting
 - Level 1.3 Long Blades
 + Level 3.3 Armour
 - Level 1.0 Dodging
 - Level 0.8 Stealth
 * Level 11.5 Unarmed Combat
 - Level 5.0 Invocations
 - Level 3.0 Evocations


You had 3 spell levels left.
You knew the following spells:

 Your Spells              Type           Power      Damage    Failure   Level
a - Wereblood             Tmut           0%         N/A       34%         2
b - Animate Skeleton      Necr           0%         N/A       24%         1
c - Apportation           Tloc           0%         N/A       24%         1
d - Passwall              Tmut/Erth      0%         N/A       34%         2

Your spell library contained the following spells:

 Spells                   Type           Power      Damage    Failure   Level
 Beastly Appendage        Tmut           0%         N/A       24%         1
 Summon Small Mammal      Summ           0%         N/A       24%         1
 Scorch                   Fire           0%         2d5       34%         2
 Spider Form              Tmut/Pois      0%         N/A       56%         3
 Swiftness                Air            0%         N/A       56%         3
 Flame Wave               Conj/Fire      0%         3d3       93%         4
 Invisibility             Hex            0%         N/A       100%        6
 Summon Cactus Giant      Summ           0%         N/A       100%        6


Dungeon Overview and Level Annotations

Branches:
Dungeon (7/15)             Temple (1/1) D:5          Bailey (1/1)

Altars:
Ashenzari
Cheibriados
Dithmenos
Elyvilon
Fedhas
Gozag
Hepliaklqana
Kikubaaqudgha
Nemelex Xobeh
Okawaru
Qazlal
Ru
Sif Muna
Trog
Uskayaw
Vehumet
Wu Jian
Xom
Yredelemnul
Zin
The Shining One

Shops:
D:1 (=(   D:4 =*   D:6 !   D:7 ([

Annotations:
D:2 Robin


Innate Abilities, Weirdness & Mutations

You have very sharp fingernails.
You have a moderately thin skeletal structure. (Dex +4, Stealth++)
A powerful demonic guardian rushes to your aid.
A meltable shield of frost defends you. (SH +4)


Message History

You are poisoned.
You feel yourself slow down.
You take 6 damage, and have 63/73 hp.
You are engulfed in dark miasma.
You are more poisoned.
You feel extremely sick.
The kobold throws a boomerang.
The boomerang hits you but does no damage.
You take 22 damage, and have 41/73 hp.
MASSIVE DAMAGE!!
You miss the death drake.
You feel extremely sick. The death drake breathes miasma at you.
The foul vapour engulfs you!
You are lethally poisoned!
* * * LOW HITPOINT WARNING * * *
A demonic guardian appears!
You take 21 damage, and have 20/73 hp.
MASSIVE DAMAGE!!
You feel better.
You are engulfed in dark miasma.
You are poisoned.
* * * LOW HITPOINT WARNING * * *
x2 You feel very sick.
Your sixfirhy closely misses the death drake.
Your sixfirhy completely misses the death drake.
The death drake bites you but does no damage.
The kobold throws a boomerang.
The boomerang closely misses you.
Your sixfirhy hits the death drake but does no damage.
The death drake bites you but does no damage.
Your sixfirhy completely misses the death drake.
You take 6 damage, and have 14/73 hp.
You feel better.
You are engulfed in dark miasma.
You are lethally poisoned!
* * * LOW HITPOINT WARNING * * *
x2 You feel very sick.
Your sixfirhy hits the death drake!
Your sixfirhy shocks the death drake!
Your sixfirhy hits the death drake!
Your sixfirhy shocks the death drake!
The death drake bites your sixfirhy. The death drake breathes miasma at you.
The foul vapour engulfs you!
You are more poisoned.
You die...

##.......# ##.....##
##...### ####...##
####.....##
###.......##
####......∩..#
####.............#
#.....@3..≈≈≈≈≈≈≈≈#
.......k≈≈≈≈≈≈≈≈≈≈≈≈≈
.....≈≈≈≈≈#########≈≈≈
..≈≈≈≈≈≈≈∩#oogg...#K≈≈≈
≈≈≈≈≈≈g####..Ko...# ##≈
≈≈KooKK#..####'####
..K(g###.. .. ..... ..#


You could see a death drake (catching breath, ally target), an orc knight
(strong), an orc, a hobgoblin, a goblin, 4 kobolds and a friendly sixfirhy
(summoned).

Vanquished Creatures
  Maggie (D:7)
  Prince Ribbit (D:5)
  Grinder (D:6)
  Eustachio (D:5)
  Menkaure (D:4)
  2 black bears
  An orc warrior (D:6)
  4 ogres
  A necrophage (D:6)
  A centaur (D:6)
  A phantom (D:6)
  3 kobold brigands
  A wyvern zombie (D:7)
  6 scorpions (D:4)
  A bullfrog (D:7)
  A water moccasin skeleton (D:5)
  A wyvern skeleton (D:5)
  3 wights (D:6)
  5 howler monkeys
  A bullfrog skeleton (D:6)
  2 centaur skeletons
  A gnoll shaman (D:5)
  3 iguanas
  2 orc wizards (D:5)
  A mummy (D:4)
  A howler monkey zombie (D:7)
  6 adders
  4 gnolls
  A shadow imp (D:7)
  2 ufetubi
  An adder skeleton (D:5)
  4 worms
  4 dart slugs
  11 orcs
  9 ball pythons
  7 endoplasms
  5 giant cockroaches
  15 goblins
  5 hobgoblins
  13 jackals
  14 kobolds
  10 quokkas
  12 bats
  3 frilled lizards
  A goblin zombie (D:4)
  5 rats
179 creatures vanquished.

Vanquished Creatures (collateral kills)
  An ogre (D:4)
  Duvessa (D:5)
  An orc warrior (D:4)
  Dowan (D:5)
  A gnoll shaman (D:4)
  2 orc priests (D:4)
  2 orc wizards
  4 orcs
  3 gnolls (D:4)
  A worm (D:2)
17 creatures vanquished.

Vanquished Creatures (others)
  An orc wizard (D:4)
  An orc (D:4)
  A goblin (D:2)
  13 fungi (D:4)
  A plant (D:3)
17 creatures vanquished.

Grand Total: 213 creatures vanquished

Notes
Turn   | Place    | Note
-------+----------+-------------------------------------------
     0 | D:1      | jasper the Demonspawn Artificer began the quest for the
                  | Orb.
     0 | D:1      | Reached XP level 1. HP: 15/15 MP: 1/1
    11 | D:1      | Reached skill level 1 in Dodging
    84 | D:1      | Reached skill level 1 in Long Blades
   312 | D:1      | Gained mutation: You have sharp fingernails. [demonic
                  | ancestry]
   312 | D:1      | Reached XP level 2. HP: 21/21 MP: 2/2
   470 | D:1      | Reached skill level 1 in Unarmed Combat
   911 | D:1      | Gained mutation: A weak demonic guardian rushes to your
                  | aid. [demonic ancestry]
   911 | D:1      | Reached XP level 3. HP: 26/26 MP: 3/3
  1090 | D:1      | Found Suzxoemm's Jewellery Shoppe.
  1168 | D:1      | Found Egias's Antique Weapon Emporium.
  1168 | D:1      | Found Jeupheel's Antique Weapon Boutique.
  1422 | D:2      | Reached skill level 2 in Unarmed Combat
  2011 | D:2      | Found a faded altar of an unknown god.
  2268 | D:2      | Gained mutation: You have a somewhat thin skeletal
                  | structure. (Dex +2, Stealth+) [demonic ancestry]
  2268 | D:2      | Reached XP level 4. HP: 26/32 MP: 4/4
  2408 | D:2      | Noticed Robin
  2787 | D:2      | Reached skill level 3 in Unarmed Combat
  4387 | D:4      | Noticed Menkaure
  4467 | D:4      | Killed Menkaure
  4468 | D:4      | Reached skill level 4 in Unarmed Combat
  4468 | D:4      | Gained mutation: A demonic guardian rushes to your aid.
                  | [demonic ancestry]
  4468 | D:4      | Reached XP level 5. HP: 22/37 MP: 5/5
  4666 | D:4      | Reached skill level 5 in Unarmed Combat
  4666 | D:4      | Gained mutation: A meltable shield of frost defends you.
                  | (SH +4) [demonic ancestry]
  4666 | D:4      | Reached XP level 6. HP: 43/43 MP: 6/6
  4773 | D:5      | Entered Level 5 of the Dungeon
  4989 | D:4      | Reached skill level 6 in Unarmed Combat
  5248 | D:5      | Gained mutation: A powerful demonic guardian rushes to your
                  | aid. [demonic ancestry]
  5248 | D:5      | Reached XP level 7. HP: 48/48 MP: 7/7
  5301 | D:4      | Found Qilagus's Jewellery Emporium.
  5440 | D:4      | Found Micevac's General Store.
  5481 | D:4      | Reached skill level 7 in Unarmed Combat
  6137 | D:5      | Reached skill level 8 in Unarmed Combat
  6209 | D:5      | Noticed Duvessa
  6211 | D:5      | Noticed Dowan
  6220 | D:5      | Killed Dowan
  6221 | D:5      | Reached XP level 8. HP: 44/54 MP: 8/8
  6224 | D:5      | Killed Duvessa
  6408 | D:5      | Found a staircase to the Ecumenical Temple.
  6519 | D:5      | Reached skill level 9 in Unarmed Combat
  6522 | D:5      | Noticed Eustachio
  6529 | D:5      | Killed Eustachio
  6535 | Temple   | Entered the Ecumenical Temple
  6681 | Temple   | Learned a level 2 spell: Wereblood
  6694 | Temple   | Became a worshipper of Cheibriados the Contemplative
  6817 | D:5      | Noticed Prince Ribbit
  6830 | D:5      | Killed Prince Ribbit
  6979 | D:5      | Identified the +1 ring mail "Zizuicuj" {Will+}
  7378 | D:4      | Reached skill level 10 in Unarmed Combat
  7620 | D:4      | Gained mutation: You have a moderately thin skeletal
                  | structure. (Dex +4, Stealth++) [demonic ancestry]
  7620 | D:4      | Reached XP level 9. HP: 41/59 MP: 11/11
  7705 | D:4      | Reached * piety under Cheibriados
  8107 | D:4      | Learned a level 1 spell: Animate Skeleton
  8109 | D:4      | Learned a level 1 spell: Apportation
  8405 | D:6      | Found Gaagarch's Distillery.
  8673 | D:6      | Reached skill level 5 in Invocations
  8720 | D:6      | Learned a level 2 spell: Passwall
  8792 | D:6      | Noticed Grinder
  8800 | D:6      | Killed Grinder
  8801 | D:6      | Reached skill level 11 in Unarmed Combat
  8950 | D:6      | Reached ** piety under Cheibriados
  9311 | D:7      | Found Ixovug's Antique Weapon Shop.
  9360 | D:7      | Found Wioguk's Antique Armour Shop.
  9434 | D:7      | Noticed Maggie
  9451 | D:7      | Killed Maggie
  9510 | D:7      | Gained mutation: You have very sharp fingernails. [demonic
                  | ancestry]
  9510 | D:7      | Reached XP level 10. HP: 31/72 MP: 13/13
  9549 | D:7      | Found a flagged portal.
  9596 | Bailey   | Entered a bailey
  9717 | Bailey   | Noticed an orc knight
  9718 | Bailey   | Noticed an orc knight
  9722 | Bailey   | Identified the +1 scale mail "Qonuz" {rN+ Slay+4}
  9722 | Bailey   | Noticed an orc knight
  9727 | Bailey   | Noticed an orc knight
  9753 | Bailey   | Noticed a death drake
  9753 | Bailey   | an orc knight changed into a death drake
  9758 | Bailey   | Killed from afar by a death drake

Illustrated notes

Levels and vault maps discovered:
D:1:      dpeg_arrival_windows_large_door, layout_loops_cross, serial_shops,
          shop, nicolae_diamond_shop, shop, minmay_pentomino_u2
D:2:      layout_basic, basic_ecumenical_altar, minmay_misc_feat_enclosed,
          minivault_24, minmay_misc_feat_four_crosses, uniq_robin
D:3:      layout_basic, serial_bayou_pond_a
D:4:      old_forge, layout_rooms, serial_shops, shop,
          nicolae_shop_competitors_out_of_business, nicolae_ossuary_entry_giza,
          amcnicky_mini_rare_corridor_liquid, uniq_menkaure
D:5:      layout_basic, minmay_temple_entry_mini_moons, uniq_duvessa,
          uniq_eustachio, uniq_prince_ribbit1
D:6:      layout_cave_pods, serial_shops, nicolae_diamond_shop, uniq_grinder
D:7:      layout_rooms, makhleb_blood_cavern_becter, enter_bailey_3,
          serial_shops, nicolae_shop_crystal, shop, nicolae_inconvenience_store,
          shop_fountains, shop, minmay_unpleasant_kobolds, uniq_maggie
Temple:   compressed_dpeg_triangle_lava_temple
Bailey:   bailey_axe_4, bailey

Skill      XL: |  1  2  3  4  5  6  7  8  9 |
---------------+----------------------------+-----
Dodging        | 1 |  1.0
Long Blades    | 1 |  1.3
Unarmed Combat | 1 2 4 5 6 8 10 11 | 11.5
Invocations    | 3 5 |  5.0
Fighting       | 4 |  4.3
Armour         | 3 |  3.3
Stealth        | |  0.8
Evocations     | |  3.0

Action                   |  1- 3 |  4- 6 |  7- 9 | 10-12 || total
-------------------------+-------+-------+-------+-------++-------
Melee: Short sword       |    14 |       |       |       ||    14
       Unarmed           |   150 |   145 |   256 |    15 ||   566
       Punch             |       |     1 |    15 |       ||    16
Throw: Stone             |    37 |    43 |    39 |    15 ||   134
       Dart              |       |       |       |     7 ||     7
Evoke: Wand              |    15 |    19 |    36 |     1 ||    71
       Piece from Xom's  |       |     4 |     1 |       ||     5
  Use: Scroll            |     3 |     4 |     7 |       ||    14
       Potion            |       |     2 |     1 |     3 ||     6
 Stab: Sleeping          |     2 |     2 |     4 |       ||     8
       Invisible         |       |     2 |       |       ||     2
       Distracted        |       |     1 |       |       ||     1
Armor: Leather armour    |    46 |    26 |    68 |    14 ||   154
       Ring mail         |       |       |     4 |       ||     4
Dodge: Dodged            |    92 |    60 |   112 |    22 ||   286
Block: Other             |       |     6 |    32 |     5 ||    43

Table legend: (Time is in decaauts)
 A = Elapsed time spent in this place.
 B = Non-inter-level travel time spent in this place.
 C = Inter-level travel time spent in this place.
 D = Time resting spent in this place.
 E = Time spent auto-exploring this place.
 F = Levels seen in this place.
 G = Mean time per level.
                   A        B        C        D        E       F      G
               +--------+--------+--------+--------+--------+-----+--------+
         Total |  10311 |   9751 |    560 |   2687 |   4871 |   9 | 1145.7 |
       Dungeon |   9964 |   9416 |    548 |   2572 |   4734 |   7 | 1423.4 |
        Temple |    174 |    163 |     11 |      0 |    129 |   1 |  174.0 |
        Bailey |    172 |    172 |      0 |    115 |      7 |   1 |  172.0 |
               +--------+--------+--------+--------+--------+-----+--------+

Top non-repeatable levels by time:
     D:3: 1827 daAuts
     D:4: 1796 daAuts
     D:5: 1699 daAuts
     D:1: 1679 daAuts
     D:6: 1434 daAuts
     D:2: 1219 daAuts
     D:7: 307 daAuts
  Temple: 174 daAuts
  Bailey: 172 daAuts
